 Dungeon Crawl Stone Soup version 0.27-a0-1312-g5cdb2b3542 (webtiles) character file.

Game seed: 7758103027922634962

71 freelancePsychic the Magician (level 4, -1/32 HPs)
             Began as a Djinni Enchanter on June 19, 2021.
             Slain by a centaur (5 damage)
             ... on level 3 of the Dungeon.
             The game lasted 00:04:28 (3485 turns).

freelancePsychic the Magician (Djinni Enchanter)    Turns: 3485, Time: 00:04:28

Health: -1/32      AC:  3    Str:  7    XL:     4   Next: 47%
Gold:   124        EV: 12    Int: 17    God:
                   SH:  0    Dex: 14

rFire    + + .     SeeInvis .   a - +1 dagger
rCold    x . .     Faith    .   (no shield)
rNeg     . . .     Spirit   .   b - +0 robe
rPois    ∞         Reflect  .   c - +0 helmet
rElec    .         Harm     .   (no cloak)
rCorr    .         Rampage  .   (no gloves)
Will     +....                  (boots unavailable)
Stlth    ++........             (no amulet)
HPRegen  0.10/turn              d - ring of willpower
MPRegen  0.00/turn              (no ring)

@: flying
A: sickness immunity, fire resistance 2, cold vulnerability 1, float, innate
caster, hp casting, extra vitality 1
a: no special abilities


You were on level 3 of the Dungeon.
You visited 1 branch of the dungeon, and saw 3 of its levels.

You collected 124 gold pieces.

Inventory:

Hand Weapons
 a - a +1 dagger (weapon)
Missiles
 g - 40 stones
Armour
 b - a +0 robe (worn)
 c - a +0 helmet (worn)
Jewellery
 d - a ring of willpower (left hand)
Wands
 h - a wand of paralysis (8)
Scrolls
 i - a scroll of noise {unknown}
Potions
 e - a potion of haste {unknown}


   Skills:
 - Level 1.0 Fighting
 + Level 1.7 Short Blades
 - Level 2.1 Dodging
 - Level 2.4 Stealth
 * Level 3.4 Spellcasting


You couldn't memorise any spells.
You knew the following spells:

 Your Spells              Type           Power      Damage    Failure   Level
a - Corona                Hex            15%        N/A       4%          1
b - Ensorcelled Hibernat  Hex/Ice        28%        N/A       6%          2
c - Confusing Touch       Hex            14%        N/A       12%         3
d - Tukima's Dance        Hex            14%        N/A       12%         3
e - Dazzling Flash        Conj/Hex       28%        N/A       12%         3
f - Sandblast             Erth           28%        2d8       4%          1
Your spell library was empty.

Dungeon Overview and Level Annotations

Branches:
Dungeon (3/15)

Altars:


Innate Abilities, Weirdness & Mutations

You are immune to sickness and miasma.
You are immune to poison.
Your flesh is very heat resistant. (rF++)
You are vulnerable to cold. (rC-)
You float through the air rather than walking.
You learn spells naturally, not from books.
Your magical power is your life essence.
You have superior vitality. (+4 HP)


Message History

Press: ? - help, Shift-Dir - straight line, f/p - centaur
Aim: a centaur, quivering arrows (chance to affect: 45%)
The centaur resists with some effort.
The centaur closely misses you. The centaur kicks you.
The centaur barely misses you. The centaur kicks you.
Casting: Ensorcelled Hibernation (safe; 6% risk of failure)
Confirm with . or Enter, or press ? or * to list all spells.
Aiming: Ensorcelled Hibernation (safe; 6% risk of failure)
Press: ? - help, Shift-Dir - straight line, f/p - centaur
Aim: a centaur, quivering arrows (chance to affect: 45%)
The centaur looks drowsy...
The helpless centaur fails to defend itself.
You puncture the centaur!
The centaur is heavily wounded.
The centaur hits you but does no damage.
The centaur closely misses you. The centaur hits you.
The centaur closely misses you.
The centaur wields a +0 shortbow.
The centaur shoots an arrow.
The arrow barely misses you.
The endoplasm hits you but does no damage.
Okay, then.
The centaur unwields a +0 shortbow.
The centaur hits you.
* * * LOW HITPOINT WARNING * * *
The centaur kicks you but does no damage.
The endoplasm closely misses you.
Casting: Ensorcelled Hibernation (safe; 6% risk of failure)
Confirm with . or Enter, or press ? or * to list all spells.
Aiming: Ensorcelled Hibernation (safe; 6% risk of failure)
Press: ? - help, Shift-Dir - straight line, f - dart slug, p - centaur
Aim: a dart slug (chance to affect: 62%)
The dart slug resists with significant effort.
* * * LOW HITPOINT WARNING * * *
The centaur barely misses you. x2; The dart slug bites you.
* * * LOW HITPOINT WARNING * * *
The centaur hits you.
* * * LOW HITPOINT WARNING * * *
The centaur barely misses you. The endoplasm barely misses you.
As you read the scroll labelled CIABOPSUICH, it crumbles to dust.
Wisps of shadow whirl around you...
It was a scroll of summoning.
The centaur hits you.
You die...

##...# ?#.#
#..... .#.#
.#.....#.#.#
...........#
........##.#
...o.S<.o..#
#.....wJ##.####.#
#o..oc@.r......#
##o..####.######
### #.#
.###########.#
.......<.....#
##############


You could see a centaur (ally target), a dart slug (ally target), an endoplasm
(ally target), 5 friendly orcs, a friendly quokka (summoned) and a friendly ball
python (summoned).

Vanquished Creatures
  An adder (D:2)
  2 worms (D:2)
  2 dart slugs
  5 ball pythons
  7 bats
  5 endoplasms
  4 hobgoblins
  5 quokkas
  3 frilled lizards
  4 goblins
  5 kobolds
  4 rats
47 creatures vanquished.

Notes
Turn   | Place    | Note
-------+----------+-------------------------------------------
     0 | D:1      | freelancePsychic the Djinni Enchanter began the quest for
                  | the Orb.
     0 | D:1      | Reached XP level 1. HP: 15/15 MP: 0/0
   496 | D:1      | Reached XP level 2. HP: 21/22 MP: 0/0
   828 | D:1      | Reached skill level 1 in Fighting
   930 | D:1      | Noticed an eye of devastation
   935 | D:1      | Reached skill level 1 in Short Blades
   942 | D:1      | Found a faded altar of an unknown god.
   943 | D:1      | Noticed a shining eye
   943 | D:1      | Noticed a golden eye
   943 | D:1      | Noticed a shining eye
   954 | D:1      | Reached XP level 3. HP: 24/27 MP: 0/0
   954 | D:1      | Learned a level 1 spell: Sandblast
   957 | D:1      | Reached skill level 3 in Spellcasting
  2732 | D:2      | Reached XP level 4. HP: 19/32 MP: 0/0
  3474 | D:3      | Noticed a centaur
  3485 | D:3      | Slain by a centaur

Illustrated notes

Levels and vault maps discovered:
D:1:      dpeg_arrival_court, layout_loops_ring,
          hellmonk_ecumenical_altar_watching_god, grunt_decor_junction,
          st_stairs_3
D:2:      layout_basic, minmay_heptomino_o4
D:3:      layout_loops_ring

Skill      XL: |  1  2  3 |
---------------+----------+-----
Fighting       | 1 |  1.0
Short Blades   | 1 |  1.7
Spellcasting   | 3 |  3.4
Dodging        | |  2.1
Stealth        | |  2.4

Action                   |  1- 3 |  4- 6 || total
-------------------------+-------+-------++-------
Melee: Dagger            |   120 |    24 ||   144
 Cast: Corona            |     8 |       ||     8
       Ensorcelled Hiber |    21 |     9 ||    30
       Sandblast         |     3 |     7 ||    10
  Use: Scroll            |       |     1 ||     1
 Stab: Sleeping          |    20 |     4 ||    24
       Distracted        |     1 |       ||     1
Armor: Robe              |    37 |    11 ||    48
Dodge: Dodged            |    89 |    36 ||   125

Table legend: (Time is in decaauts)
 A = Elapsed time spent in this place.
 B = Non-inter-level travel time spent in this place.
 C = Inter-level travel time spent in this place.
 D = Time resting spent in this place.
 E = Time spent auto-exploring this place.
 F = Levels seen in this place.
 G = Mean time per level.
                   A        B        C        D        E       F      G
               +--------+--------+--------+--------+--------+-----+--------+
         Total |   3478 |   3390 |     88 |    357 |   2520 |   3 | 1159.3 |
       Dungeon |   3478 |   3390 |     88 |    357 |   2520 |   3 | 1159.3 |
               +--------+--------+--------+--------+--------+-----+--------+

Top non-repeatable levels by time:
     D:1: 1945 daAuts
     D:2: 1514 daAuts
     D:3: 18 daAuts
